 Dungeon Crawl Stone Soup version 0.25-a0-782-g655279ceaa (webtiles) character file.

Game seed: 6761671589145473100, levelgen mode: deterministic

15 tilp the Bolt Thrower (level 2, -2/16 HPs)
             Began as a Kobold Arcane Marksman on Apr 16, 2020.
             Slain by a hobgoblin
             ... wielding a +0 club
              (5 damage)
             ... on level 1 of the Dungeon.
             The game lasted 00:02:44 (519 turns).

tilp the Bolt Thrower (Kobold Arcane Marksman)       Turns: 519, Time: 00:02:44

Health: -2/16      AC:  3    Str:  7    XL:     2   Next: 65%
Magic:  1/3        EV: 14    Int: 14    God:
Gold:   7          SH:  0    Dex: 17    Spells: 0/3 levels left

rFire    . . .     SeeInvis .   b - +0 dagger
rCold    . . .     Gourm    .   (shield restricted)
rNeg     . . .     Faith    .   m - +0 leather armour
rPois    .         Spirit   .   (no helmet)
rElec    .         Reflect  .   (no cloak)
rCorr    .         Harm     .   (no gloves)
MR       .....                  (no boots)
Stlth    +.........             (no amulet)
HPRegen  0.05/turn              h - +2 ring of dexterity
MPRegen  0.08/turn              (no ring)

@: very slightly contaminated
A: small, carnivore
a: no special abilities


You were on level 1 of the Dungeon.
You were completely stuffed.

You visited 1 branch of the dungeon, and saw 1 of its levels.

You collected 7 gold pieces.

Inventory:

Hand Weapons
 a - a +0 hand crossbow
 b - a +0 dagger (weapon)
Missiles
 d - 4 bolts
Armour
 e - a +0 robe
 m - a +0 leather armour (worn)
Jewellery
 h - a +2 ring of dexterity (left hand)
 i - an uncursed amulet of magic regeneration
Scrolls
 c - 3 scrolls of identify {unknown}
 g - a scroll of teleportation {unknown}
Potions
 j - a potion of curing {unknown}
Comestibles
 f - 2 rations
 k - a chunk of flesh


   Skills:
 - Level 1.1 Fighting
 + Level 3.7 Crossbows
 - Level 2.4 Dodging
 - Level 1.1 Spellcasting
 - Level 3.0 Hexes


You couldn't memorise any spells.
You knew the following spells:

 Your Spells              Type           Power        Failure   Level  Hunger
a - Corona                Hex            #......      12%         1    ##.....
b - Slow                  Hex            #.......     17%         2    ###....

Your spell library contained the following spells:

 Spells                   Type           Power        Failure   Level  Hunger
 Inner Flame              Hex/Fire       #.......     54%         3    ####...
 Portal Projectile        Hex/Tloc       #.....       54%         3    ####...
 Cause Fear               Hex            #.........   75%         4    #####..
 Leda's Liquefaction      Hex/Erth       #.........   91%         4    #####..


Dungeon Overview and Level Annotations

Branches:
Dungeon (1/15)

Altars:


Innate Abilities, Weirdness & Mutations

You are small and have problems with some larger weapons.
You are carnivorous and can eat meat at any time.


Message History

A frilled lizard comes into view.
Casting: Corona (safe; 12% risk of failure)
Confirm with . or Enter, or press ? or * to list all spells.
Aiming: Corona (safe; 12% risk of failure)
Press: ? - help, Shift-Dir - straight line, f - hobgoblin
Aim: a hobgoblin, wielding a +0 club and wearing a +0 leather armour (chance to defeat MR: 62%)
You miscast Corona.
You are very lightly contaminated with residual magic.
Nothing appears to happen.
The frilled lizard hisses angrily.
The hobgoblin barely misses you.
You hit the hobgoblin but do no damage. The hobgoblin hits you with a +0 club.
* * * LOW HITPOINT WARNING * * *
Casting: Corona (safe; 12% risk of failure)
Confirm with . or Enter, or press ? or * to list all spells.
Aiming: Corona (safe; 12% risk of failure)
Press: ? - help, Shift-Dir - straight line, f/p - hobgoblin
Aim: a hobgoblin, wielding a +0 club and wearing a +0 leather armour (chance to defeat MR: 62%)
The hobgoblin is outlined in light.
The hobgoblin hits you with a +0 club.
You die...

...#
........#..####
...#
.(......((.....
...# .......).(.#
...###########(.l#
......... #รท#)#
......... #(#.#
......... #.#.#
......... #)#.#
#.###### #(#@# #.#
#.#g# #.# #.#.#
#.############.#.#
#............(.#.#
################.#
.........# #.#
########.# #.#
.......#.# #.#


You could see a hobgoblin and a frilled lizard.

Vanquished Creatures
  2 dart slugs (D:1)
  A hobgoblin (D:1)
  2 jackals (D:1)
  A bat (D:1)
  2 goblins (D:1)
  3 kobolds (D:1)
  A rat (D:1)
12 creatures vanquished.

Notes
Turn   | Place    | Note
-------+----------+-------------------------------------------
     0 | D:1      | tilp the Kobold Arcane Marksman began the quest for the
                  | Orb.
     0 | D:1      | Reached XP level 1. HP: 12/12 MP: 2/2
   207 | D:1      | Reached XP level 2. HP: 16/16 MP: 3/3
   217 | D:1      | Learned a level 2 spell: Slow
   519 | D:1      | Slain by a hobgoblin

Levels and vault maps discovered:
D:1:      dpeg_arrival_erosion, layout_basic

Skill      XL: |  1 |
---------------+----+-----
Crossbows      | 3 |  3.7
Fighting       | |  1.1
Dodging        | |  2.4
Spellcasting   | |  1.1
Hexes          | |  3.0

Action                   || total
-------------------------++-------
Melee: Whip              ||    14
       Dagger            ||    12
 Fire: Hand crossbow     ||    32
 Cast: Corona            ||     5
       Slow              ||     1
  Eat: Chunk             ||     7
Armor: Robe              ||     2
       Leather armour    ||     2
Dodge: Dodged            ||    20

Table legend:
 A = Non-vault XP
 B = Vault XP
 C = Vault XP percentage of total XP
 D = Non-vault monster count
 E = Vault monster count
 F = Vault count percentage of total count
                 A         B        C        D         E       F
            +---------+---------+-------+---------+---------+-------
      Total |      22 |       0 |   0.0 |      12 |       0 |   0.0
            +---------+---------+-------+---------+---------+-------
        D:1 |      22 |       0 |   0.0 |      12 |       0 |   0.0
            +---------+---------+-------+---------+---------+-------
